 Dungeon Crawl Stone Soup version 0.30-a0-125-g51eefa89be (webtiles) character file.

Game seed: 16853045741653714210

107 timneilson the Covered (level 4, -1/28 HPs)
             Began as a Gargoyle Fighter on Sept 18, 2022.
             Was an Initiate of Okawaru.
             Slain by an orc
             ... wielding a +0 short sword
              (4 damage)
             ... on level 3 of the Dungeon.
             The game lasted 00:03:13 (2859 turns).

timneilson the Covered (Gargoyle Fighter)           Turns: 2859, Time: 00:03:14

Health: -1/28      AC: 14    Str: 22    XL:     4   Next: 86%
Magic:  4/4        EV: 13    Int:  8    God:    Okawaru [......]
Gold:   204        SH:  4    Dex:  9    Spells: 3/3 levels left

rFire   . . .      SeeInvis .    a - +0 long sword
rCold   . . .      Faith    .    c - +0 buckler
rNeg    + . .      Spirit   .    b - +0 scale mail
rPois   ∞          Reflect  .    (no helmet)
rElec   +          Harm     .    (no cloak)
rCorr   .          Rampage  .    f - +1 pair of gloves
Will    .....                    i - +0 pair of boots
Stlth   ..........               (no amulet)
HPRegen 0.09/turn                n - +4 ring of evasion
MPRegen 0.09/turn                (no ring)

@: hasted, very quick
A: sickness immunity, AC +3, negative energy resistance 1, electricity
resistance, torment resistance 1, petrification resistance
a: Renounce Religion


You were on level 3 of the Dungeon.
You worshipped Okawaru.
Okawaru was noncommittal.
You visited 1 branch of the dungeon, and saw 3 of its levels.

You collected 204 gold pieces.

Inventory:

Hand Weapons
 a - a +0 long sword (weapon)
Armour
 b - a +0 scale mail (worn)
 c - a +0 buckler (worn)
 f - a +1 pair of gloves (worn)
 i - a +0 pair of boots (worn)
Jewellery
 n - a +4 ring of evasion (left hand)
Wands
 l - a wand of roots (4)
Scrolls
 g - a scroll of teleportation {unknown}
 h - a scroll of identify
Potions
 d - a potion of might
 e - a potion of attraction
 k - 2 potions of curing
 m - 2 potions of flight


   Skills:
 + Level 3.5 Fighting
 * Level 2.5 Long Blades
 * Level 4.2 Armour
 + Level 0.8 Dodging
 * Level 4.1 Shields
 + Level 0.2 Invocations
 + Level 0.1 Evocations


You had 3 spell levels left.
You didn't know any spells.
Your spell library contained the following spells:

 Spells                   Type           Power      Damage    Failure   Level
 Dazzling Flash           Conj/Hex       0%         N/A       99%         3
 Ignite Poison            Fire/Tmut/Pois 0%         N/A       99%         3
 Sticky Flame             Conj/Fire      0%         2d3       100%        4
 Agony                    Necr           0%         N/A       100%        5
 Silence                  Hex/Air        0%         N/A       100%        5
 Malign Gateway           Summ/Tloc      Unusable   N/A       N/A         7
 Summon Horrible Things   Summ           Unusable   N/A       N/A         8

Dungeon Overview and Level Annotations

Branches:
Dungeon (3/15)

Altars:
Gozag
Okawaru
Ru
Xom
Zin

Shops:
D:3 *


Innate Abilities, Weirdness & Mutations

You are immune to sickness and miasma.
Your stone body is resilient. (AC +3)
You are immune to poison.
You resist negative energy. (rN+)
You are resistant to electric shocks. (rElec)
You are resistant to unholy torment.
You are immune to petrification.


Message History

You closely miss the orc priest.
The orc priest is heavily wounded.
You block the orc's attack. The orc priest misses you.
The orc priest hits you with a +0 whip. The orc hits you with a +0 short sword.
* * * LOW HITPOINT WARNING * * *
The orc barely misses you.
You hit the orc priest.
The orc priest is severely wounded.
The orc hits you but does no damage. You block the orc priest's attack.
The orc priest barely misses you. The orc hits you with a +0 short sword.
* * * LOW HITPOINT WARNING * * *
The orc barely misses you.
You completely miss the orc priest.
The orc priest is severely wounded.
The orc barely misses you. You block the orc priest's attack.
The orc barely misses you. The orc priest misses you.
You block the orc's attack.
You slash the orc priest!
You kill the orc priest!
Okawaru accepts your kill.
The orc priest hits you but does no damage.
The orc barely misses you. The orc misses you. x2
Unknown command.
You hit the orc priest.
The orc priest is lightly wounded.
You barely miss the orc priest.
The orc priest is lightly wounded.
The orc hits you but does no damage. You block the orc priest's attack.
The orc closely misses you. The orc misses you.
You hit the orc priest.
The orc priest is lightly wounded.
The orc priest hits you but does no damage.
The orc completely misses you. The orc barely misses you.
The orc hits you with a +0 war axe.
* * * LOW HITPOINT WARNING * * *
You barely miss the orc priest.
The orc priest is lightly wounded.
The orc priest hits you but does no damage.
The orc hits you with a +0 short sword.
You die...

###########
.###.........# .
.............# ..
#####...).....### .#.
#...............###
....
#.####.._..####....
.....#.####..8_.#
#....
#.....o#....._†.#
#.... #.So@o.......##
#.... #.#o)....##...#
#.... #.........##...#
#....
######....##...#####..
#................
#....#.....##....
#####..###..#....
#.##⌠##......
..###..#_#.......


You could see an orc priest, 3 orcs and a ball python.

Vanquished Creatures
  An orc priest (D:3)
  An adder (D:2)
  A worm (D:2)
  5 bats
  6 endoplasms
  3 giant cockroaches
  6 goblins
  3 hobgoblins
  9 jackals
  6 kobolds
  5 quokkas
  5 ball pythons
  3 frilled lizards
  2 rats (D:1)
56 creatures vanquished.

Vanquished Creatures (others)
  A plant (D:2)
1 creature vanquished.

Grand Total: 57 creatures vanquished

Notes
Turn   | Place    | Note
-------+----------+-------------------------------------------
     0 | D:1      | timneilson the Gargoyle Fighter began the quest for the
                  | Orb.
     0 | D:1      | Reached XP level 1. HP: 14/14 MP: 1/1
   287 | D:1      | Reached XP level 2. HP: 18/19 MP: 2/2
   943 | D:1      | Reached XP level 3. HP: 23/23 MP: 3/3
  1055 | D:1      | Found a faded altar of an unknown god.
  1803 | D:2      | Found an opulent altar of Gozag.
  1969 | D:2      | Reached XP level 4. HP: 27/28 MP: 4/4
  2794 | D:3      | Found Zin's Purification Station.
  2796 | D:3      | Found a glowing silver altar of Zin.
  2807 | D:3      | Found an iron altar of Okawaru.
  2808 | D:3      | Found a sacrificial altar of Ru.
  2808 | D:3      | Found a shimmering altar of Xom.
  2819 | D:3      | Became a worshipper of Warmaster Okawaru
  2859 | D:3      | Slain by an orc

Illustrated notes

Levels and vault maps discovered:
D:1:      wheals_arrival_linesprint, layout_loops_corners,
          shapermc_ecumenical_altar_totnotflames, serial_bayou_pond_a,
          hangedman_abyss_or_decor_stabs, kennysheep_flooded_box
D:2:      layout_basic, serial_bayou, serial_bayou_ford_a, serial_bayou_pond_d,
          serial_bayou_lagoon_b, serial_bayou_pond_d, serial_bayou_pond_d,
          serial_bayou_pond_b, basic_altar
D:3:      layout_basic, zin_purify, chequers_temple_overflow_statue_of_worship,
          nrook_mini_backslash

Skill      XL: |  1  2  3  4 |
---------------+-------------+-----
Long Blades    | 2 |  2.5
Armour         | 4 |  4.2
Shields        | 4 |  4.1
Fighting       | |  3.5
Dodging        | |  0.8
Invocations    | |  0.2
Evocations     | |  0.1

Action                   |  1- 3 |  4- 6 || total
-------------------------+-------+-------++-------
Melee: Long sword        |   144 |    59 ||   203
  Use: Scroll            |     2 |     4 ||     6
       Potion            |       |     1 ||     1
Armor: Scale mail        |   109 |    43 ||   152
Dodge: Dodged            |    88 |    58 ||   146
Block: Buckler           |    41 |    22 ||    63

Table legend: (Time is in decaauts)
 A = Elapsed time spent in this place.
 B = Non-inter-level travel time spent in this place.
 C = Inter-level travel time spent in this place.
 D = Time resting spent in this place.
 E = Time spent auto-exploring this place.
 F = Levels seen in this place.
 G = Mean time per level.
                   A        B        C        D        E       F      G
               +--------+--------+--------+--------+--------+-----+--------+
         Total |   2945 |   2909 |     36 |      0 |   2406 |   3 |  981.7 |
       Dungeon |   2945 |   2909 |     36 |      0 |   2406 |   3 |  981.7 |
               +--------+--------+--------+--------+--------+-----+--------+

Top non-repeatable levels by time:
     D:1: 1543 daAuts
     D:2: 830 daAuts
     D:3: 571 daAuts
